 Dungeon Crawl Stone Soup version 0.20.2-3-g29329e0561 (webtiles) character file.

99 Alfie the Shooter (level 4, 0/38 HPs)
             Began as a Minotaur Hunter on Aug 6, 2020.
             Slain by peterlawrence's ghost (1 damage)
             ... on level 3 of the Dungeon.
             The game lasted 00:06:18 (1406 turns).

Alfie the Shooter (Minotaur Hunter)                 Turns: 1406, Time: 00:06:18

Health: 0/38       AC:  3    Str: 18    XL:     4   Next: 45%
Magic:  3/3        EV: 12    Int:  8    God:
Gold:   213        SH:  0    Dex: 10    Spells: 3/3 levels left

rFire    . . .     SeeInvis .   b - +1 short sword
rCold    . . .     Gourm    .   (no shield)
rNeg     . . .     Faith    .   c - +0 leather armour
rPois    .         Spirit   .   (helmet restricted)
rElec    .         Reflect  .   (no cloak)
rCorr    .         Harm     .   (no gloves)
MR       .....                  (no boots)
Stlth    +.........             (no amulet)
Regen    0.2/turn               (no ring)
MPRegen  0.1/turn               (no ring)

@: no status effects
A: retaliatory headbutt, horns 2
a: no special abilities


You were on level 3 of the Dungeon.
You were hungry.

You visited 1 branch of the dungeon, and saw 3 of its levels.

You collected 213 gold pieces.

Inventory:

Hand Weapons
 a - a +1 shortbow
 b - a +1 short sword (weapon)
Armour
 c - a +0 leather armour (worn)
Scrolls
 g - a scroll of recharging {unknown}
 j - a scroll of identify
 l - a scroll of amnesia
 o - a scroll of teleportation
Potions
 e - a potion of agility {unknown}
 i - a potion of haste
Comestibles
 f - 3 bread rations
 h - a royal jelly
 k - a fruit


   Skills:
 + Level 3.1 Fighting
 + Level 5.8 Bows
 + Level 1.3 Armour
 + Level 2.5 Dodging
 + Level 0.8 Stealth


You had 3 spell levels left.
You didn't know any spells.

Dungeon Overview and Level Annotations

Branches:
Dungeon (3/15)

Altars:
Nemelex Xobeh

Annotations:
D:3 peterlawrence's ghost, amateur MiFi


Innate Abilities, Weirdness & Mutations

You reflexively headbutt those who attack you in melee.
You have a pair of horns on your head.


Message History

You headbutt peterlawrence's ghost, but do no damage.
Peterlawrence's ghost is heavily damaged.
Peterlawrence's ghost hits you but does no damage.
You hit peterlawrence's ghost.
Peterlawrence's ghost is heavily damaged.
Peterlawrence's ghost barely misses you.
Peterlawrence's ghost hits you!
You are electrocuted!
* * * LOW HITPOINT WARNING * * *
You hit peterlawrence's ghost but do no damage.
You headbutt peterlawrence's ghost, but do no damage.
Peterlawrence's ghost is heavily damaged.
Peterlawrence's ghost hits you but does no damage.
You hit peterlawrence's ghost but do no damage.
Peterlawrence's ghost is heavily damaged.
Peterlawrence's ghost hits you!
* * * LOW HITPOINT WARNING * * *
You hit peterlawrence's ghost. You headbutt peterlawrence's ghost!
Peterlawrence's ghost is almost destroyed.
Peterlawrence's ghost hits you.
You die...

# #########...
#..........#
...####...<.......
........######...#
...#.####.##........
#.....@W...........
#.#.####.##......##
#.##......#
#...>..........
#.#####........ #
.......## .........
....#.###


You could see peterlawrence's ghost.

Vanquished Creatures
  5 adders (D:2)
  An ooze (D:1)
  5 dart slugs
  A leopard gecko (D:2)
  3 orcs
  5 goblins
  4 hobgoblins (D:2)
  2 jackals (D:1)
  4 bats
  3 frilled lizards
  3 kobolds
  5 rats
41 creatures vanquished.

Notes
Turn   | Place    | Note
-------+----------+-------------------------------------------
     0 | D:1      | Alfie the Minotaur Hunter began the quest for the Orb.
     0 | D:1      | Reached XP level 1. HP: 18/18 MP: 0/0
   235 | D:1      | Reached XP level 2. HP: 25/25 MP: 1/1
   278 | D:1      | Reached skill level 5 in Bows
   546 | D:2      | Reached XP level 3. HP: 30/30 MP: 2/2
   709 | D:2      | Reached skill level 1 in Armour
   910 | D:2      | Found a sparkling altar of Nemelex Xobeh.
   938 | D:2      | Reached XP level 4. HP: 36/37 MP: 3/3
  1385 | D:3      | Noticed peterlawrence's ghost (amateur MiFi)
  1405 | D:3      | HP: 1/38 [peterlawrence's ghost (10)]
  1406 | D:3      | Slain by peterlawrence's ghost

Skill      XL: |  1  2  3  4 |
---------------+-------------+-----
Bows           | 5 |  5.8
Armour         | 1 |  1.3
Fighting       | 3 |  3.1
Dodging        | |  2.5
Stealth        | |  0.8

Action                   |  1- 3 |  4- 6 || total
-------------------------+-------+-------++-------
Melee: Short sword       |     8 |    34 ||    42
       Headbutt          |     3 |     8 ||    11
 Fire: Shortbow          |    57 |    14 ||    71
  Use: Scroll            |     5 |       ||     5
       Potion            |     5 |       ||     5
  Eat: Fruit             |       |     1 ||     1
Armor: Leather armour    |     4 |    13 ||    17
Dodge: Dodged            |    22 |    16 ||    38
